 Dungeon Crawl Stone Soup version 0.28-a0-932-g843f935a50 (webtiles) character file.

Game seed: 10463428893181382209

13421 funkygono the Geomancer (level 12, -8/68 HPs)
             Began as a Gargoyle Earth Elementalist on Nov 27, 2021.
             Was a Believer of Vehumet.
             Killed from afar by a hell hound (13 damage)
             ... with a blast of flame
             ... on level 2 of the Abyss.
             The game lasted 00:34:33 (13588 turns).

funkygono the Geomancer (GrEE)                     Turns: 13588, Time: 00:34:34

Health: -8/68      AC: 15    Str: 14    XL:     12   Next: 5%
Magic:  24/24      EV: 13    Int: 28    God:    Vehumet [**....]
Gold:   540        SH:  0    Dex: 10    Spells: 17/28 levels left

rFire   . . .      SeeInvis .   s - +5 morningstar of the Spider Nest {speed, Int+9}
rCold   . . .      Faith    .   (no shield)
rNeg    + + .      Spirit   .   b - +0 robe
rPois   ∞          Reflect  .   e - +1 helmet
rElec   +          Harm     .   G - +0 cloak
rCorr   +          Rampage  .   (no gloves)
Will    .....                   o - +0 pair of boots
Stlth   ++........              (no amulet)
HPRegen 0.21/turn               m - ring of resist corrosion
MPRegen 0.19/turn               t - ring of positive energy

@: no status effects
A: sickness immunity, AC +8, negative energy resistance 1, electricity
resistance, torment resistance 1, petrification resistance
a: Renounce Religion


You were on level 2 of the Abyss.
You worshipped Vehumet.
Vehumet was pleased with you.
You visited 1 branch of the dungeon, and saw 10 of its levels.
You visited the Abyss 1 time.

You collected 540 gold pieces.

Inventory:

Hand Weapons
 f - a +0 flail
 h - a +0 whip of protection
 s - the +5 morningstar of the Spider Nest (weapon) {speed, Int+9}
   (You acquired it on level 7 of the Dungeon)

   Attacks with this weapon are significantly faster.
   Int:       It affects your intelligence (+9).
 y - a +8 mace
Missiles
 l - 219 stones
Armour
 b - a +0 robe (worn)
 c - a +0 leather armour
 e - a +1 helmet (worn)
 o - a +0 pair of boots (worn)
 C - a +0 scale mail
 G - a +0 cloak (worn)
Jewellery
 m - a ring of resist corrosion (left hand)
 t - a ring of positive energy (right hand)
 x - a ring of protection from cold
 F - a +6 ring of dexterity
Wands
 n - a wand of paralysis (3)
 q - a wand of flame (12)
 E - a wand of mindburst (11)
Scrolls
 k - a scroll of blinking
 p - 2 scrolls of teleportation
 r - 3 scrolls of torment
 z - a scroll of magic mapping
 D - 2 scrolls of identify
 H - a scroll of enchant armour
Potions
 a - 3 potions of curing
 d - a potion of ambrosia
 g - a potion of lignification
 i - a potion of cancellation
 j - 4 potions of attraction
 u - 4 potions of flight
 v - a potion of mutation
 w - 3 potions of heal wounds
 B - a potion of might
Miscellaneous
 A - a condenser vane


   Skills:
 + Level 4.8 Fighting
 + Level 7.2 Maces & Flails
 + Level 2.9 Armour
 + Level 4.4 Dodging
 - Level 2.1 Stealth
 + Level 2.3 Shields
 + Level 8.5 Spellcasting
 + Level 8.2 Conjurations
 + Level 0.7 Transmutations
 + Level 0.5 Fire Magic
 + Level 2.1 Ice Magic
 + Level 2.0 Air Magic
 + Level 11.5 Earth Magic
 + Level 2.1 Poison Magic
 + Level 2.3 Invocations
 + Level 1.9 Evocations


You had 17 spell levels left.
You knew the following spells:

 Your Spells              Type           Power      Damage    Failure   Level
a - Sandblast             Erth           100%       2d20      1%          1
b - Passwall              Tmut/Erth      38%        N/A       1%          2
c - Stone Arrow           Conj/Erth      100%       3d13      1%          3
d - Scorch                Fire           28%        2d6       6%          2
e - Inner Flame           Hex/Fire       13%        N/A       13%         3

Your spell library contained the following spells:

 Spells                   Type           Power      Damage    Failure   Level
 Magic Dart               Conj           100%       1d8       1%          1
 Mephitic Cloud           Conj/Pois/Air  35%        N/A       2%          3
 Poisonous Vapours        Pois/Air       46%        N/A       3%          2
 Petrify                  Tmut/Erth      46%        N/A       3%          4
 Apportation              Tloc           22%        N/A       4%          1
 Call Imp                 Summ           11%        N/A       7%          2
 Summon Ice Beast         Ice/Summ       18%        N/A       30%         4
 Alistair's Intoxication  Tmut/Pois      13%        N/A       56%         5
 Yara's Violent Unravell  Hex/Tmut       7%         3d5       73%         5
 Summon Mana Viper        Hex/Summ       11%        N/A       78%         5
 Monstrous Menagerie      Summ           5%         N/A       100%        7


Dungeon Overview and Level Annotations

Branches:
Dungeon (10/15)            Temple (0/1) D:7            Lair (0/6) D:10
    Orc (0/2) D:10

Altars:
Vehumet

Shops:
D:3 !   D:6 =   D:7 (

Annotations:
D:4 2 runed translucent doors
D:7 3 runed translucent doors, NigelTetley's ghost, novice TrFi; sastreii's ghost, novice DrCA; sn0wgr3's ghost, novice MiFi


Innate Abilities, Weirdness & Mutations

You are immune to sickness and miasma.
Your stone body is resilient. (AC +8)
You are immune to poison.
You resist negative energy. (rN+)
You are resistant to electric shocks. (rElec)
You are resistant to unholy torment.
You are immune to petrification.


Message History

Aiming: Sandblast (safe; 1% risk of failure)
Press: ? - help, Q - select action, (/) - cycle Shift-Dir - straight line, f - you
Okay, then.
Unknown command.
Magic restored.
There is an open door, spattered with blood here.
H - a scroll of enchant armour
Found a plate armour.
A hell hound comes into view.
Found a scroll labelled WEAV RYTEUNEES.
A large abomination comes into view.
The hell hound barks!
You hear a bark!
A hell hound comes into view.
You hear a bark!
Unknown command.
The hell hound breathes flames at you. The blast of flame hits you!
You see here 23 gold pieces.
The hell hound breathes flames at you. The blast of flame hits you!!
The hell hound breathes flames at you.
The blast of flame hits the hell hound.
The hell hound completely resists.
The blast of flame misses you.
A hell hound comes into view.
The hell hound completely misses you. The hell hound breathes flames at you.
The blast of flame hits the hell hound.
The hell hound completely resists.
The blast of flame hits you! The hell hound barely misses you.
You can't go up here!
The hell hound bites you. The hell hound breathes flames at you.
The blast of flame hits you!
* * * LOW HITPOINT WARNING * * *
The hell hound closely misses you.
There is an open door, spattered with blood here.
The hell hound breathes flames at you.
The blast of flame hits the hell hound.
The hell hound completely resists.
The blast of flame hits you!
You die...

#..
..#.#.........#.....#
#..##..........'. .
#....#....⌠...#. ...
#..#.....h..X#8....#
##. #..⌠....##.88.
#...#.#.⌠.....#
'....# .........h...#
...##
.########h####......#
## ##. #.@....# #.##
# ##.....# .#
####.#.# #


You could see 3 hell hounds.

Vanquished Creatures
  A manticore (D:8)
  Maurice (D:9)
  A gargoyle (D:10)
  A komodo dragon (D:10)
  2 hornets
  4 yaks
  A shadow (D:10)
  A wraith (D:8)
  2 wyverns (D:8)
  A basilisk (D:8)
  A steam dragon (D:8)
  2 acid dragons
  3 water moccasins
  2 orc warriors
  A black bear (D:8)
  2 sky beasts
  3 ice beasts
  An ogre (D:4)
  5 centaurs
  2 kobold brigands
  A phantom (D:6)
  6 bullfrogs
  A gnoll sergeant (D:8)
  A scorpion (D:4)
  7 killer bees
  14 wights
  6 howler monkeys
  A hound (D:7)
  A jelly (D:5)
  2 bullfrog skeletons
  3 centaur zombies
  5 orc priests
  3 gnoll shamans
  Jessica (D:3)
  A centaur skeleton (D:5)
  An iguana (D:5)
  Ijyb (D:5)
  11 orc wizards
  2 killer bee zombies (D:7)
  2 howler monkey zombies (D:9)
  18 gnolls
  A howler monkey skeleton (D:5)
  5 adders
  A shadow imp (D:6)
  4 white imps
  2 ufetubi
  A worm (D:1)
  2 dart slugs (D:2)
  19 orcs
  8 ball pythons
  5 endoplasms
  A giant cockroach (D:1)
  9 goblins
  6 hobgoblins
  6 jackals
  7 quokkas
  6 bats
  6 frilled lizards
  16 kobolds
  6 rats
236 creatures vanquished.

Vanquished Creatures (others)
  13 plants (D:10)
  4 withered plants (D:7)
17 creatures vanquished.

Grand Total: 253 creatures vanquished

Notes
Turn   | Place    | Note
-------+----------+-------------------------------------------
     0 | D:1      | funkygono the Gargoyle Earth Elementalist began the quest
                  | for the Orb.
     0 | D:1      | Reached XP level 1. HP: 10/10 MP: 3/3
   288 | D:1      | Reached skill level 4 in Earth Magic
   288 | D:1      | Reached XP level 2. HP: 3/15 MP: 0/5
   623 | D:1      | Learned a level 2 spell: Passwall
   932 | D:1      | Reached XP level 3. HP: 14/19 MP: 0/6
  1596 | D:1      | Learned a level 3 spell: Stone Arrow
  1838 | D:2      | Found a faded altar of an unknown god.
  1903 | D:2      | Reached XP level 4. HP: 24/24 MP: 6/8
  1904 | D:2      | Reached skill level 5 in Earth Magic
  2114 | D:2      | Reached skill level 1 in Conjurations
  2515 | D:3      | Reached XP level 5. HP: 28/28 MP: 6/9
  2566 | D:3      | Found Cunen's Distillery.
  2969 | D:3      | Reached XP level 6. HP: 26/32 MP: 7/11
  3506 | D:3      | Noticed Jessica
  3508 | D:3      | Killed Jessica
  3509 | D:3      | Reached skill level 6 in Earth Magic
  4798 | D:4      | Reached skill level 1 in Maces & Flails
  4798 | D:4      | Reached XP level 7. HP: 37/37 MP: 3/13
  5369 | D:4      | Found a large runed translucent door.
  5369 | D:4      | Found a large runed translucent door.
  5858 | D:5      | Entered Level 5 of the Dungeon
  5974 | D:5      | Reached XP level 8. HP: 31/42 MP: 3/15
  6145 | D:5      | Noticed Ijyb
  6150 | D:5      | Killed Ijyb
  6151 | D:5      | Reached skill level 7 in Earth Magic
  6563 | D:5      | Reached skill level 1 in Fighting
  6737 | D:5      | Reached skill level 5 in Spellcasting
  6935 | D:6      | Found Ylayraurr's Jewellery Boutique.
  7377 | D:6      | Got Sif Muna's Volume of Floating Transmigration
  7472 | D:6      | Reached skill level 5 in Conjurations
  8444 | D:7      | Found a radiant altar of Vehumet.
  8450 | D:7      | Became a worshipper of Vehumet
  8470 | D:7      | Reached skill level 8 in Earth Magic
  8594 | D:7      | Found Tamuan's Weapon Emporium.
  8627 | D:7      | Reached XP level 9. HP: 41/47 MP: 10/18
  8747 | D:7      | Found a staircase to the Ecumenical Temple.
  8755 | D:7      | Found a runed translucent gate.
  8755 | D:7      | Found a runed translucent gate.
  8758 | D:7      | Found a runed translucent gate.
  8759 | D:7      | Noticed NigelTetley's ghost (novice TrFi)
  8759 | D:7      | Noticed sn0wgr3's ghost (novice MiFi)
  8759 | D:7      | Noticed sastreii's ghost (novice DrCA)
  9567 | D:7      | Acquired the +5 morningstar of the Spider Nest {speed,
                  | Int+9}
  9795 | D:8      | Noticed a hornet
  9807 | D:8      | Killed a hornet
  9808 | D:8      | Reached skill level 9 in Earth Magic
 10077 | D:8      | Reached XP level 10. HP: 51/54 MP: 16/20
 10319 | D:8      | Reached * piety under Vehumet
 10319 | D:8      | Offered knowledge of Freeze by Vehumet.
 10799 | D:8      | Reached skill level 10 in Earth Magic
 10801 | D:8      | Reached skill level 5 in Maces & Flails
 10993 | D:8      | Noticed a manticore
 10999 | D:8      | Killed a manticore
 11571 | D:8      | Reached skill level 11 in Earth Magic
 11571 | D:8      | Reached skill level 1 in Evocations
 11571 | D:8      | Reached XP level 11. HP: 61/61 MP: 21/23
 11701 | D:9      | Reached ** piety under Vehumet
 11701 | D:9      | Offered knowledge of Scorch by Vehumet.
 11856 | D:9      | Learned a level 2 spell: Scorch
 12241 | D:9      | Noticed Maurice
 12278 | D:9      | Killed Maurice
 12681 | D:10     | Entered Level 10 of the Dungeon
 12683 | D:10     | Found a staircase to the Lair.
 12772 | D:10     | Offered knowledge of Inner Flame by Vehumet.
 12777 | D:10     | Learned a level 3 spell: Inner Flame
 13221 | D:10     | Found a staircase to the Orcish Mines.
 13405 | D:10     | Reached XP level 12. HP: 67/67 MP: 11/24
 13530 | D:10     | Cast into level 2 of the Abyss (a wizard)
 13588 | Abyss:2  | Killed from afar by a hell hound

Illustrated notes

Levels and vault maps discovered:
D:1:      dpeg_arrival_circle_labyrinth_a, layout_basic
D:2:      minmay_alternating_diamond, layout_rooms,
          ebering_ecumenical_altar_webs
D:3:      layout_basic, serial_shops, nicolae_shop_hallway_stairs,
          hangedman_decor_slide_cut, uniq_jessica
D:4:      layout_cave_pools, jmf_multi_god_temple2
D:5:      layout_basic, chequers_serial_rivers_micro_d, uniq_ijyb
D:6:      layout_loops_cross, serial_shops, nicolae_shop_advertising_works
          [nicolae_subvault_shop_adworks]
D:7:      layout_basic, nicolae_vehumet_altar_sigil,
          minmay_temple_entry_drinking_statues, gammafunk_ghost_cemetery,
          serial_shops, shop
D:8:      minmay_razor_zed, layout_gridville, serial_rivers,
          chequers_serial_rivers_room_b, chequers_serial_rivers_room_b,
          chequers_serial_rivers_small_a, chequers_serial_rivers_micro_c,
          chequers_serial_rivers_large_a, chequers_serial_rivers_micro_c,
          minmay_starry_boxes
D:9:      layout_roguey, uniq_maurice
D:10:     minmay_chambers_of_sevens, layout_rooms,
          lemuel_zombie_altar_yredelemnul, dpeg_oklobed_lair, orc_0_dummy,
          uniq_nergalle
Abyss:2:  base: D:4, due_exit_kobolds, lemuel_flamethrower_3

Skill      XL: |  1  2  3  4  5  6  7  8  9 10 11 |
---------------+----------------------------------+-----
Earth Magic    | 4 5 6 8 9 11 | 11.5
Dodging        | 2 3 4 |  4.4
Conjurations   | 1 2 3 4 5 6 7 8 |  8.2
Spellcasting   | 3 4 6 7 8 |  8.5
Maces & Flails | 1 2 4 6 7 |  7.2
Fighting       | 1 2 4 |  4.8
Armour         | 2 |  2.9
Shields        | 2 |  2.3
Ice Magic      | 2 |  2.1
Air Magic      | 2 |  2.0
Poison Magic   | 2 |  2.1
Invocations    | 2 |  2.3
Evocations     | 1 |  1.9
Stealth        | |  2.1
Transmutations | |  0.7
Fire Magic     | |  0.5

Action                   |  1- 3 |  4- 6 |  7- 9 | 10-12 || total
-------------------------+-------+-------+-------+-------++-------
Melee: Whip              |     9 |    43 |    69 |       ||   121
       Morningstar       |       |       |    28 |   162 ||   190
 Cast: Sandblast         |    56 |    65 |    11 |    12 ||   144
       Stone Arrow       |       |    25 |   104 |    82 ||   211
       Passwall          |       |       |     1 |       ||     1
       Scorch            |       |       |       |     3 ||     3
  Use: Scroll            |     4 |     1 |    11 |     8 ||    24
       Potion            |       |     4 |       |     1 ||     5
 Stab: Sleeping          |       |     1 |       |       ||     1
Armor: Robe              |     7 |    20 |    44 |    71 ||   142
Dodge: Dodged            |    16 |    45 |    95 |    94 ||   250

Table legend: (Time is in decaauts)
 A = Elapsed time spent in this place.
 B = Non-inter-level travel time spent in this place.
 C = Inter-level travel time spent in this place.
 D = Time resting spent in this place.
 E = Time spent auto-exploring this place.
 F = Levels seen in this place.
 G = Mean time per level.
                   A        B        C        D        E       F      G
               +--------+--------+--------+--------+--------+-----+--------+
         Total |  13568 |  13395 |    173 |   3157 |   7839 |  11 | 1233.5 |
       Dungeon |  13510 |  13337 |    173 |   3157 |   7798 |  10 | 1351.0 |
         Abyss |     57 |     57 |      0 |      0 |     41 |   1 |   57.0 |
               +--------+--------+--------+--------+--------+-----+--------+

Top non-repeatable levels by time:
     D:3: 2080 daAuts
     D:8: 2012 daAuts
     D:1: 1825 daAuts
     D:7: 1662 daAuts
     D:4: 1408 daAuts
     D:9: 1066 daAuts
     D:5: 991 daAuts
     D:6: 986 daAuts
    D:10: 838 daAuts
     D:2: 638 daAuts
 Abyss:2: 57 daAuts
